 Dungeon Crawl Stone Soup version 0.32-a0-656-g3542139ebd (console) character file.

Game seed: 15179111489732325174

1917232 elliptic the Conqueror (level 27, 273/273 HPs)
             Began as a Coglin Necromancer on Mar 8, 2024.
             Was a High Priest of Okawaru.
             Escaped with the Orb
             ... and 3 runes
             ... and 1 gem on Mar 9, 2024!
             The game lasted 03:28:40 (58469 turns).

elliptic the Conqueror (Coglin Necromancer)        Turns: 58469, Time: 03:28:40

Health: 273/273    AC: 19    Str:  9    XL:     27
Magic:  32/32      EV: 43    Int: 16    God:    Okawaru [*****.]
Gold:   132        SH:  0    Dex: 36    Spells: 18/36 levels left

rFire   + . .        a - +1 demon blade of Wucki {freeze, Dex+6}
rCold   + + .        b - +9 eudemon blade (holy) {Frauke}
rNeg    . . .        I - +5 robe of Night {Dark Will+ SInv, nodragon}
rPois   .            r - +2 helmet {SInv}
rElec   +            x - scarf {rC+ rF+}
rCorr   .            e - +2 pair of gloves {Dex+3}
SInv    +            L - +2 pair of boots {Fly}
Will    +++..        (amulet unavailable)
Stlth   +            (ring unavailable)
HPRegen 0.65/turn    (ring unavailable)
MPRegen 0.23/turn    X - dynamic gyroscope {RevMP, rC+ Slay+3}

%: no passive effects
@: flying, hasted, studying 3 skills, very quick
A: off-hand wielding, slow wielding, warmup strikes, no jewellery, deterioration
1, mutation resistance 1, passive freeze, robust 1, electricity resistance
0: Orb of Zot
}: 3/15 runes: decaying, serpentine, silver
a: Renounce Religion, Heroism, Finesse, Duel


You escaped.
You worshipped Okawaru.
Okawaru was extremely pleased with you.
You visited 11 branches of the dungeon, and saw 51 of its levels.
You also visited: Sewer, Bailey and Ice Cave.

You collected 6545 gold pieces.
You spent 6413 gold pieces at shops.


Innate Abilities, Weirdness & Mutations

You can wield a second weapon in your off-hand.
It takes a long time for you to wield or remove held weapons.
Your first few attacks do less damage.
You cannot equip rings or amulets.
Your body sometimes deteriorates upon taking damage.
You are somewhat resistant to further mutation.
A frigid envelope surrounds you and freezes all who hurt you.
You are robust. (+10% HP)
You are resistant to electric shocks. (rElec)


   Skills:
 O Level 27 Fighting
 - Level 19.6 Long Blades
 - Level 14.0 Armour
 + Level 22.6 Dodging
 - Level 1.5 Stealth
 - Level 5.0 Spellcasting
 - Level 6.0 Necromancy
 - Level 12.0 Translocations
 - Level 10.0 Air Magic
 - Level 12.0 Invocations
 - Level 10.0 Evocations


You had 18 spell levels left.
You knew the following spells:

 Your Spells              Type           Power      Damage    Failure   Level
a - Manifold Assault      Tloc           42%        N/A       1%          4
b - Vhi's Electric Charg  Tloc/Air       78%        N/A       1%          4
i - Passage of Golubria   Tloc           42%        N/A       1%          4
v - Blink                 Tloc           84%        N/A       1%          2
w - Vampiric Draining     Necr           23%        2d7       3%          3
A - Apportation           Tloc           84%        N/A       1%          1

Your spell library contained the following spells:

 Spells                   Type           Power      Damage    Failure   Level
 Necrotise                Necr           92%        1d8       1%          1
 Shock                    Conj/Air       80%        1d8       1%          1
 Lesser Beckoning         Tloc           84%        N/A       1%          2
 Sublimation of Blood     Necr           23%        N/A       1%          2
 Gell's Gravitas          Tloc           42%        N/A       1%          3
 Swiftness                Air            36%        N/A       1%          3
 Teleport Other           Tloc           42%        N/A       1%          3
 Cigotuvi's Dreadful Rot  Necr/Alch/Air  42%        N/A       2%          2
 Airstrike                Air            18%        2d(3-19)  2%          4
 Mercury Vapours          Alch/Air       40%        N/A       3%          2
 Static Discharge         Conj/Air       40%        3-5/arc   3%          2
 Volatile Blastmotes      Fire/Tloc      46%        2d13      3%          3
 Kiss of Death            Conj/Necr      52%        2d9       4%          1
 Mephitic Cloud           Conj/Alch/Air  14%        N/A       12%         3
 Dimensional Bullseye     Hex/Tloc       11%        N/A       13%         4
 Dispel Undead            Necr           23%        3d12      13%         4
 Iskenderun's Mystic Bla  Conj/Tloc      23%        2d6       13%         4
 Magic Dart               Conj           16%        1d3       16%         1
 Slow                     Hex            16%        N/A       16%         1
 Sting                    Conj/Alch      16%        1d4       16%         1
 Dispersal                Tloc           21%        N/A       17%         6
 Jinxbite                 Hex            8%         N/A       22%         2
 Scorch                   Fire           8%         2d5       22%         2
 Searing Ray              Conj           8%         2d4       22%         2
 Curse of Agony           Necr           23%        N/A       34%         5
 Confusing Touch          Hex            4%         N/A       41%         3
 Frozen Ramparts          Ice            8%         1d2       41%         3
 Hailstorm                Conj/Ice       4%         3d5       41%         3
 Inner Flame              Hex/Fire       4%         N/A       41%         3
 Sigil of Binding         Hex            4%         N/A       41%         3
 Stone Arrow              Conj/Erth      8%         3d7       41%         3
 Anguish                  Hex/Necr       6%         N/A       41%         4
 Arcjolt                  Conj/Air       10%        1d20      47%         5
 Freezing Cloud           Conj/Ice/Air   7%         6-21      71%         5
 Borgnjor's Vile Clutch   Necr/Erth      6%         N/A       77%         5
 Brom's Barrelling Bould  Conj/Erth      4%         2d3       83%         4
 Flame Wave               Conj/Fire      4%         2d5       83%         4
 Fulminant Prism          Conj/Alch      2%         3d5       83%         4
 Olgreb's Toxic Radiance  Alch           4%         N/A       83%         4
 Sticky Flame             Fire/Alch      4%         2d4       83%         4
 Conjure Ball Lightning   Conj/Air       10%        3x3d6     96%         6
 Plasma Beam              Fire/Air       10%        2x1d21    96%         6
 Alistair's Intoxication  Alch           2%         N/A       99%         5
 Fireball                 Conj/Fire      2%         3d4       99%         5
 Irradiate                Conj/Alch      2%         3d12      99%         5
 Iskenderun's Battlesphe  Conj           4%         2d6       99%         5
 Lee's Rapid Deconstruct  Erth           2%         3d4*      99%         5
 Yara's Violent Unravell  Hex/Alch       2%         3d3       99%         5
 Bombard                  Conj/Erth      2%         9d1       100%        6
 Eringya's Noxious Bog    Alch           2%         4d6       100%        6
 Orb of Destruction       Conj           2%         9d5       100%        7
 Ozocubu's Refrigeration  Ice            2%         4d7       100%        7
 Borgnjor's Revivificati  Necr           11%        N/A       100%        8
 Discord                  Hex            2%         N/A       100%        8
 Disjunction              Tloc           21%        N/A       100%        8
 Ignition                 Fire           2%         3d3       100%        8
 Lehudib's Crystal Spear  Conj/Erth      2%         10d2      100%        8
 Maxwell's Capacitive Co  Air            18%        death     100%        8
 Chain Lightning          Conj/Air       10%        3d13      100%        9
 Death's Door             Necr           11%        N/A       100%        9
 Fire Storm               Conj/Fire      2%         8d1       100%        9
 Polar Vortex             Ice            2%         N/A       100%        9
 Shatter                  Erth           2%         3d6*      100%        9
 Animate Dead             Necr           Unusable   N/A       N/A         4
 Summon Lightning Spire   Summ/Air       Unusable   N/A       N/A         4
 Call Imp                 Summ           Unusable   N/A       N/A         2
 Summon Forest            Summ/Tloc      Unusable   N/A       N/A         5
 Tukima's Dance           Hex            Unusable   N/A       N/A         3
 Animate Armour           Summ/Erth      Unusable   N/A       N/A         4
 Death Channel            Necr           Unusable   N/A       N/A         6
 Summon Mana Viper        Hex/Summ       Unusable   N/A       N/A         5
 Sculpt Simulacrum        Ice/Alch       Unusable   N/A       N/A         6
 Summon Cactus Giant      Summ           Unusable   N/A       N/A         6
 Summon Hydra             Summ           Unusable   N/A       N/A         7

Inventory:

Hand Weapons
 a - the +1 demon blade of Wucki (weapon) {freeze, Dex+6}
   (Okawaru gifted it to you on level 12 of the Dungeon)

   Dex+6:     It affects your dexterity (+6).
 b - a +9 eudemon blade of holy wrath (offhand) {Frauke}
 K - a +9 double sword of freezing {Gloria}
Missiles
 u - 11 curare-tipped darts
 F - 2 throwing nets
Armour
 e - a +2 pair of gloves of dexterity (worn)
 g - a +0 troll leather armour
 o - +0 steam dragon scales
 r - a +2 helmet of see invisible (worn)
 x - a scarf of resistance (worn)
 B - a +2 cloak of poison resistance
 G - a scarf of repulsion
 I - the +5 robe of Night (worn) {Dark Will+ SInv, nodragon}
   (You bought it in a shop on level 4 of the Snake Pit)

   Dark:      It shrouds the wearer in darkness, reducing the range at which
   they can see and be seen by others.
   Will+:     It increases your willpower.
   SInv:      It lets you see invisible.
 L - a +2 pair of boots of flying (worn)
 M - the +0 pair of gloves of the Arcane {Will+ Regen+ Str-5 SInv}
   (You acquired it on level 11 of the Dungeon)

   Str-5:     It affects your strength (-5).
   Will+:     It increases your willpower.
   SInv:      It lets you see invisible.
   Regen+:    It increases your rate of health regeneration.
 O - the +0 cloak of Lies {Str+3}
   (Okawaru gifted it to you on level 12 of the Dungeon)

   Str+3:     It affects your strength (+3).
 W - the +4 pair of gloves of Zemp {rElec rPois}
   (You found it on level 5 of the Lair of Beasts)

   rElec:     It insulates you from electricity.
   rPois:     It protects you from poison.
Gizmo
 X - a dynamic gyroscope (installed) {RevMP, rC+ Slay+3}
   (You invented it yourself on level 5 of the Lair of Beasts)

   [dynamic gyroscope]

   RevMP:     Your magic regeneration increases greatly based on how Revved you
   are.
   Slay+3:    It affects your accuracy & damage with ranged weapons and melee
   (+3).
   rC+:       It protects you from cold.
Wands
 h - a wand of digging (18)
 j - a wand of flame (133)
 n - a wand of polymorph (9)
 A - a wand of light (35)
 N - a wand of iceblast (41)
 V - a wand of mindburst (23)
Scrolls
 l - 9 scrolls of blinking
 m - 9 scrolls of poison
 p - 6 scrolls of revelation
 q - 3 scrolls of enchant armour
 s - 10 scrolls of vulnerability
 v - 19 scrolls of teleportation
 y - 9 scrolls of fog
 U - 7 scrolls of fear
Potions
 c - 15 potions of haste
 d - 11 potions of brilliance
 i - 27 potions of curing
 t - 5 potions of invisibility
 w - 14 potions of heal wounds
 C - 12 potions of enlightenment
 D - 5 potions of cancellation
 E - 6 potions of attraction
 H - 9 potions of mutation {!q}
 J - 3 potions of resistance
 Q - 6 potions of berserk rage {!q}
 R - 2 potions of ambrosia
 T - 7 potions of might
Miscellaneous
 S - a lightning rod (4/4)


Message History

The Orb Guardian is almost dead.
You closely miss the Orb Guardian with your +9 eudemon blade of holy wrath.
The Orb Guardian completely misses you.
You miss the Orb Guardian with the +1 demon blade of Wucki.
The Orb Guardian is almost dead.
You open the Orb Guardian like a pillowcase with your +9 eudemon blade of holy wrath!!!
You kill the Orb Guardian!
Okawaru accepts your kill.
Unknown command.
There is a stone staircase leading up here.
You fly upwards.
There is a stone staircase leading down here.
Magic restored.
You hear a grinding noise.
You hear a grinding noise.
There is a stone staircase leading up here.
You fly upwards.
There is a stone staircase leading down here.
HP restored.
Things that are here:
a +0 short sword; a +0 flail; an orc skeleton
Things that are here:
a +0 giant spiked club; an ogre skeleton
There is a stone staircase leading up, spattered with blood here.
You fly upwards.
There is a stone staircase leading down, spattered with blood here.
Things that are here:
a +0 leather armour; a +0 morningstar
There is a stone staircase leading up here.
You fly upwards.
There is a stone staircase leading down here.
There is a stone staircase leading up here.
You fly upwards.
There is a stone staircase leading down here.
There is a stone staircase leading up here.
You feel yourself speed up.
You fly upwards.
There is a stone staircase leading down here.
There is a staircase leading out of the dungeon here.
You have escaped!

#.##..###....##........###.
#.##.#.##.#.##.#.......# #.
#.##.##.#...#.###......# ##
#.##.##.#####.# ######.# #
#.##.##..###..# #.# #
####.##..##..#..## #.# #
#.........#..#..# #.# #
#......#..##...## #.# #
#......#..##.@.# #.# #
##.........##...## #######.# #
#..........#..#..# #.....#.####
#.........##..#..###..####....#
#.........#..###..##..# #.####
#.........#.## ##.##..####.# #.
###......##.# #.##.....#.# #.
######.#.## ##.#.......# #.
####..## ##........###.


There were no monsters in sight!

Vanquished Creatures
  4 orbs of fire (Zot:5)
  3 dread liches
  2 ancient liches (Vaults:5)
  Mennas (Depths:3)
  Mara (Vaults:2)
  A juggernaut (Depths:4)
  Josephina (Crypt:3)
  4 Killer Klowns (Zot:5)
  Boris (5 times) (Elf:3 Crypt:3 Depths:1 Depths:2 Depths:4)
  Vv (Depths:2)
  A caustic shrike (Depths:2)
  A curse toe (Zot:5)
  4 golden dragons
  Nikola (Snake:2)
  Norris (Vaults:1)
  2 electric golems (Zot:5)
  4 liches
  7 tentacled monstrosities
  2 walking crystal tomes
  The ghost of Magam the Eclecticist, an adept OnHW of Beogh (Snake:1)
  22 Orb Guardians
  2 deep elf master archers (Elf:3)
  6 titans
  Asterion (Vaults:1)
  A walking frostbound tome (Depths:3)
  4 death cobs
  4 quicksilver dragons
  6 sphinxes
  3 deep elf blademasters
  3 ancient champions
  A thorn hunter (Swamp:4)
  Agnes (D:15)
  Aizul (Elf:1)
  9 tengu reavers
  Donald (Snake:1)
  9 shadow dragons
  A fenstrider witch (Swamp:4)
  2 protean progenitors (Zot:5)
  11 nagarajas
  2 revenants (Crypt:2)
  8 storm dragons
  2 draconian monks (Zot:1)
  6 deep elf sorcerers
  8 fire giants
  9 frost giants
  4 iron dragons
  4 draconian shifters
  A draconian knight (Zot:1)
  2 draconian scorchers
  5 curse skulls
  3 deep elf elementalists (Elf:3)
  2 caustic shrike zombies (Crypt:3)
  A balrug (Depths:3)
  15 vault wardens
  Louise (D:15)
  2 draconian stormcallers
  3 orc warlords
  An angel (Vaults:2)
  18 ironbound preservers
  3 draconian annihilators
  2 spriggan defenders
  6 reapers
  21 very ugly things
  19 stone giants
  A formless jellyfish (Vaults:4)
  6 ironbound thunderhulks
  8 deep elf demonologists
  14 dire elephants
  6 vampire knights
  4 red draconians
  6 green draconians
  11 deep elf death magi
  5 bunyips
  3 black draconians
  2 yellow draconians
  8 deep elf annihilators
  9 eleionomae
  2 lorocyprocas
  Azrael (Elf:1)
  2 war gargoyles
  A spark wasp (Depths:2)
  3 white draconians
  5 purple draconians
  16 eidola
  14 ettins
  2 quicksilver dragon zombies (Crypt:3)
  A mummy priest (Crypt:3)
  15 yaktaur captains
  11 fire dragons
  The ghost of senf the Impaler, a journeyman MfGl of Hepliaklqana (Lair:2)
  7 jiangshi
  A crystal guardian (Vaults:1)
  Snorg (D:10)
  2 entropy weavers
  A quicksilver ooze (shapeshifter) (Vaults:5)
  34 vault guards
  4 deep elf high priests
  3 spriggan zombies (Crypt:3)
  The ghost of zenocrate the Covert, a journeyman FeEE of Gozag (Lair:3)
  7 ice dragons
  3 rakshasas
  2 ogre magi
  A peacekeeper (Vaults:1)
  7 ironbound frosthearts
  7 great orbs of eyes
  15 hydras
  5 spriggan air magi
  3 catoblepae (Lair:5)
  4 ghost crabs
  A quicksilver dragon skeleton (Crypt:1)
  8 salamander tyrants
  A sphinx zombie (Vaults:1)
  A jorogumo (Zot:5)
  6 alligators
  Erica (D:10)
  8 anacondas
  5 boulder beetles
  16 centaur warriors
  21 dancing weapons
  A two-headed ogre (shapeshifter) (Vaults:5)
  4 spriggan skeletons (Crypt:3)
  11 deep troll shamans
  3 two-headed ogres
  5 death yaks (Lair:5)
  11 deep troll earth magi
  8 tengu warriors
  17 naga warriors
  4 vampire magi
  3 occultists (Depths:2)
  10 shock serpents
  4 orc high priests (Orc:2)
  5 spriggan berserkers (Depths:2)
  17 hell knights
  A titan zombie (Crypt:3)
  19 naga sharpshooters
  7 soul eaters (Crypt:3)
  A titan skeleton (Crypt:3)
  4 salamander mystics
  An alligator (shapeshifter) (Vaults:5)
  4 iron trolls
  22 deep elf knights
  4 skysharks
  2 shadow wraiths
  15 skeletal warriors
  15 mana vipers
  7 goliath frogs
  4 spriggan druids
  A storm dragon skeleton (Crypt:3)
  2 flayed ghosts
  4 glowing orange brains
  A sun moth (shapeshifter) (Vaults:5)
  A glowing orange brain (shapeshifter) (Vaults:5)
  11 swamp dragons
  46 deep trolls
  2 bunyip skeletons (Crypt:3)
  An obsidian statue (Snake:1)
  16 necromancers
  13 deep elf archers
  2 death drakes
  5 bog bodies
  11 thermic dynamos
  9 orc knights
  An anaconda skeleton (Crypt:3)
  13 naga ritualists
  3 harpies (Vaults:2)
  6 arcanists
  15 ironbound convokers
  15 phantasmal warriors
  32 deep elf pyromancers
  28 deep elf zephyrmancers
  10 lindwurms
  An elf zombie (Vaults:3)
  A faun (shapeshifter) (Vaults:5)
  A shadow dragon skeleton (Crypt:3)
  3 wolf spiders (Crypt:3)
  23 ugly things
  An iron dragon skeleton (Crypt:3)
  A frost giant zombie (Crypt:1)
  4 orc sorcerers
  3 will-o-the-wisps
  5 cyclopes
  A manticore (D:14)
  10 moths of wrath
  21 salamanders
  A stone giant skeleton (Vaults:3)
  49 black mambas
  2 kobold blastminers (Orc:2)
  13 guardian serpents
  2 ice statues (IceCv)
  13 naga magi
  19 vault sentinels
  13 elephants
  A dire elephant zombie (Crypt:3)
  An eye of devastation (shapeshifter) (Vaults:5)
  A torpor snail (Lair:1)
  7 cane toads
  2 gargoyles
  A centaur skeleton (Crypt:1)
  2 hellions
  2 kobold demonologists (D:12)
  6 komodo dragons
  A mana viper skeleton (Crypt:2)
  Jeremiah (D:6)
  Maggie (D:6)
  A tengu conjurer (Depths:2)
  An elephant slug zombie (Crypt:2)
  3 anaconda simulacra (IceCv)
  6 freezing wraiths
  21 yaktaurs
  An efreet (D:14)
  3 rime drakes
  8 trolls
  5 ice devils (IceCv)
  2 guardian mummies (Crypt:3)
  3 harpy zombies
  A hydra zombie (Crypt:1)
  A polar bear (Lair:5)
  15 hornets
  2 harpy skeletons
  11 tyrant leeches
  13 hellwings (Crypt:3)
  16 blink frogs
  A hydra skeleton (Crypt:3)
  2 raiju (shapeshifter)
  An ettin zombie (Crypt:3)
  A spectral black mamba (Lair:2)
  A water elemental (Depths:4)
  A culicivora (Vaults:2)
  A centaur simulacrum (Crypt:3)
  A frost giant simulacrum (Vaults:1)
  3 jumping spiders (Crypt:3)
  35 slime creatures
  An air elemental (Elf:3)
  10 wraiths
  5 dire elephant simulacra
  3 basilisks
  14 spriggans
  An ushabti (Crypt:3)
  A yak (shapeshifter) (Elf:2)
  7 fire elementals
  3 vampires
  39 yaks
  2 wyverns
  11 redbacks
  3 wargs
  A tyrant leech zombie (Crypt:1)
  8 vampire mosquitoes
  A spectral cane toad (Lair:2)
  A steam dragon (D:8)
  37 nagas
  2 naga zombies (Crypt:3)
  An acid dragon (D:10)
  Menkaure (D:4)
  2 harpy simulacra (IceCv)
  10 swamp worms
  2 hydra simulacra
  3 water moccasins
  A deep troll skeleton (Crypt:1)
  A spectral torpor snail (Lair:2)
  A merfolk skeleton (Crypt:1)
  2 cane toad zombies
  3 hell hounds (Elf:1)
  A naga skeleton (Crypt:3)
  10 swamp drakes
  An ice beast (D:5)
  A boulder beetle simulacrum (Lair:2)
  2 laughing skulls (D:14)
  6 black bears
  4 ogres
  25 orc warriors
  2 human zombies
  A boggart (D:14)
  7 wolves
  8 centaurs
  A phantom (D:4)
  A fire crab zombie (Crypt:1)
  Blork the orc (D:6)
  A brain worm (Sewer)
  5 kobold brigands
  12 bullfrogs
  A gnoll sergeant (D:12)
  A salamander skeleton (Crypt:1)
  6 scorpions
  3 earth elementals
  A cane toad simulacrum (IceCv)
  17 wights
  5 wyvern skeletons (Crypt:3)
  3 human skeletons
  15 killer bees
  4 howler monkeys
  A howler monkey (shapeshifter) (Elf:1)
  7 electric eels
  2 bombardier beetles
  12 jellies
  12 hounds
  A komodo dragon simulacrum (Lair:2)
  37 orc priests
  2 sleepcaps
  A gnoll bouda (D:7)
  An iguana (D:5)
  Natasha (thrice) (D:2)
  24 orc wizards
  A spriggan simulacrum (IceCv)
  2 acid dragon skeletons (Crypt:2)
  A mummy (D:3)
  19 gnolls
  2 naga simulacra
  15 adders
  A river rat (Sewer)
  2 shadow imps (D:5)
  2 white imps
  6 ufetubi
  A lava snake zombie (Crypt:2)
  6 dart slugs
  4 ribbon worms
  57 orcs
  11 ball pythons
  9 bats
  14 endoplasms
  4 giant cockroaches
  13 goblins
  8 hobgoblins
  17 jackals
  29 kobolds
  A quokka (Sewer)
  A bombardier beetle zombie (Crypt:2)
  5 frilled lizards
  A hobgoblin zombie (D:4)
  3 kobold zombies (D:4)
  3 rats
  2 aspiring fleshes (Zot:5)
2111 creatures vanquished.

Vanquished Creatures (collateral kills)
  Terence (D:2)
1 creature vanquished.

Vanquished Creatures (others)
  2 fire giants (Vaults:5)
  A ghost crab (Swamp:2)
  An ironbound convoker (Vaults:4)
  A will-o-the-wisp (Swamp:3)
  A yaktaur (Vaults:4)
  3 bloated husks
  A water elemental (Elf:1)
  18 foxfires
28 creatures vanquished.

Grand Total: 2140 creatures vanquished

Notes
Turn   | Place    | Note
-------+----------+-------------------------------------------
     0 | D:1      | elliptic the Coglin Necromancer began the quest for the
                  | Orb.
     0 | D:1      | Reached XP level 1. HP: 13/13 MP: 3/3
   180 | D:1      | Reached XP level 2. HP: 19/19 MP: 1/5
   233 | D:1      | Found a faded altar of an unknown god.
   870 | D:2      | Learned a level 1 spell: Kiss of Death
   904 | D:2      | Reached XP level 3. HP: 21/24 MP: 0/6
   908 | D:2      | Learned a level 3 spell: Vampiric Draining
   963 | D:2      | Noticed Natasha
   964 | D:2      | hm
   969 | D:2      | eh
  1277 | D:2      | Noticed Terence
  1278 | D:2      | hm
  1282 | D:2      | Killed Terence
  1283 | D:2      | Reached skill level 1 in Fighting
  1283 | D:2      | Reached XP level 4. HP: 33/33 MP: 2/7
  1383 | D:2      | Killed Natasha
  1384 | D:2      | Reached skill level 2 in Fighting
  1384 | D:2      | Noticed Natasha
  1394 | D:2      | hm
  1400 | D:2      | Killed Natasha
  1401 | D:2      | Reached skill level 1 in Long Blades
  1401 | D:2      | Reached XP level 5. HP: 16/36 MP: 2/8
  1427 | D:2      | Noticed Natasha
  1491 | D:2      | Killed Natasha
  1857 | D:3      | Reached skill level 3 in Fighting
  1857 | D:3      | hm
  1986 | D:3      | Found Unwo's Assorted Antiques.
  1990 | D:3      | Bought a scroll labelled YGUALI AMMUS for 25 gold pieces
  1990 | D:3      | Bought a fizzy yellow potion for 22 gold pieces
  1990 | D:3      | Bought a scroll labelled GOCE CONISM for 25 gold pieces
  1990 | D:3      | Bought a scroll labelled SIZIKA MIME for 25 gold pieces
  2256 | D:3      | Reached skill level 3 in Long Blades
  2280 | D:3      | Reached XP level 6. HP: 43/43 MP: 9/9
  2352 | D:3      | Found a glowing drain.
  2367 | Sewer    | Entered a sewer
  3071 | Sewer    | hm
  3162 | D:3      | Reached skill level 6 in Necromancy
  3461 | D:4      | Noticed Menkaure
  3462 | D:4      | why
  3572 | D:4      | Reached XP level 7. HP: 53/53 MP: 10/10
  3599 | D:4      | Reached skill level 4 in Fighting
  3774 | D:4      | Found a staircase to the Ecumenical Temple.
  3780 | Temple   | Entered the Ecumenical Temple
  3807 | Temple   | Became a worshipper of Warmaster Okawaru
  3857 | D:4      | uh
  3857 | D:4      | hm
  4254 | D:4      | Identified the beast talisman of the Manifold Heavens
                  | {rCorr Dex+3}
  4315 | D:4      | Reached XP level 8. HP: 60/60 MP: 6/11
  4378 | D:5      | Entered Level 5 of the Dungeon
  4394 | D:5      | Reached * piety under Okawaru
  4395 | D:5      | Reached skill level 6 in Long Blades
  4604 | D:4      | Reached skill level 1 in Invocations
  4773 | D:5      | Found a shadowy altar of Dithmenos.
  5039 | D:5      | Found an ornate altar of the Wu Jian Council.
  5505 | D:5      | Found a hide-covered altar of Uskayaw.
  5618 | D:6      | Reached skill level 3 in Dodging
  5691 | D:6      | Reached ** piety under Okawaru
  5712 | D:6      | Found Raimpydweud's Fire Supplies.
  5724 | D:6      | Reached XP level 9. HP: 64/65 MP: 10/12
  5779 | D:6      | Found a sparkling altar of Nemelex Xobeh.
  5825 | D:6      | Noticed Blork the orc
  5887 | D:6      | Killed Blork the orc
  5898 | D:6      | Noticed Maggie
  5899 | D:6      | hm
  5996 | D:6      | Noticed Jeremiah
  6325 | D:7      | hm
  6336 | D:7      | Reached skill level 9 in Long Blades
  6401 | D:7      | Found a flagged portal.
  6442 | D:7      | Reached skill level 5 in Fighting
  6456 | Bailey   | Entered a bailey
  6461 | Bailey   | Noticed an orc warlord
  6839 | Bailey   | Found a runed translucent gate.
  6897 | Bailey   | Found a runed translucent gate.
  6901 | Bailey   | Found a runed translucent gate.
  6913 | Bailey   | hm
  6989 | Bailey   | hm
  7111 | Bailey   | meh
  7114 | Bailey   | why
  7151 | Bailey   | Acquired the +2 demon blade of Exquisite Death {freeze,
                  | rPois Will+}
  7247 | D:7      | Found a glowing golden altar of the Shining One.
  7681 | D:7      | what
  7813 | D:7      | Reached skill level 6 in Fighting
  7814 | D:7      | Reached XP level 10. HP: 71/76 MP: 9/13
  7858 | D:7      | Reached *** piety under Okawaru
  8092 | D:6      | Killed Maggie
  8323 | D:4      | Killed Menkaure
  8324 | D:4      | Reached skill level 6 in Dodging
  8336 | D:4      | Found a white marble altar of Elyvilon.
  8519 | D:8      | Upgraded the game from 0.32-a0-643-ga006e7742e to
                  | 0.32-a0-656-g3542139ebd
  8537 | D:8      | Reached skill level 7 in Fighting
  8757 | D:8      | Reached **** piety under Okawaru
  9081 | D:8      | Reached skill level 8 in Fighting
  9734 | D:9      | Found a staircase to the Orcish Mines.
  9880 | D:9      | Noticed a two-headed ogre
  9893 | D:9      | Killed a two-headed ogre
  9894 | D:9      | Reached skill level 9 in Fighting
  9894 | D:9      | Reached XP level 11. HP: 89/89 MP: 14/14
 10025 | D:9      | Reached skill level 1 in Armour
 10151 | D:9      | Reached ***** piety under Okawaru
 10171 | D:9      | Reached skill level 3 in Armour
 10539 | D:10     | Entered Level 10 of the Dungeon
 10548 | D:10     | Found an opulent altar of Gozag.
 10686 | D:10     | Received a gift from Okawaru
 10732 | D:10     | Noticed Erica
 10738 | D:10     | Killed Erica
 10739 | D:10     | Reached skill level 3 in Invocations
 10976 | D:10     | Noticed a two-headed ogre
 10987 | D:10     | Killed a two-headed ogre
 11093 | D:10     | Found a radiant altar of Vehumet.
 11172 | D:10     | Noticed Snorg
 11182 | D:10     | Killed Snorg
 11182 | D:10     | Received a gift from Okawaru
 11732 | D:11     | Noticed a two-headed ogre
 11738 | D:11     | Killed a two-headed ogre
 11739 | D:11     | Reached skill level 10 in Fighting
 11739 | D:11     | Reached skill level 9 in Dodging
 11739 | D:11     | Reached XP level 12. HP: 46/97 MP: 15/15
 12173 | D:11     | Acquired the +0 pair of gloves of the Arcane {Will+ Regen+
                  | Str-5 SInv}
 12300 | D:11     | Received a gift from Okawaru
 12709 | D:12     | Noticed a boulder beetle
 12718 | D:12     | Killed a boulder beetle
 12718 | D:12     | Reached ****** piety under Okawaru
 12719 | D:12     | Reached skill level 6 in Armour
 12719 | D:12     | Acquired the +0 cloak of Lies {Str+3}
 12719 | D:12     | Received a gift from Okawaru
 12721 | D:12     | Acquired the +1 demon blade of Wucki {freeze, Dex+6}
 12721 | D:12     | Received a gift from Okawaru
 13050 | D:12     | Received a gift from Okawaru
 13413 | D:6      | Killed Jeremiah
 13472 | D:8      | Found a staircase to the Lair.
 13508 | Lair:1   | Entered Level 1 of the Lair of Beasts
 13532 | Lair:1   | Identified the +3 lajatang "Kiarr" {antimagic, rN++ Dex-4}
 13565 | Lair:1   | Reached skill level 6 in Invocations
 13685 | Lair:1   | Reached skill level 1 in Evocations
 13697 | Lair:1   | Reached skill level 3 in Evocations
 14266 | Lair:2   | Noticed a boulder beetle
 14274 | Lair:2   | Killed a boulder beetle
 14275 | Lair:2   | Reached skill level 6 in Evocations
 14285 | Lair:2   | Reached XP level 13. HP: 101/104 MP: 17/17
 14286 | Lair:2   | Received a gift from Okawaru
 14428 | Lair:2   | Found a staircase to the Snake Pit.
 14440 | Lair:2   | Reached skill level 9 in Evocations
 14505 | Lair:2   | Received a gift from Okawaru
 14617 | Lair:2   | Found a runed translucent gate.
 14617 | Lair:2   | Found a runed translucent gate.
 14617 | Lair:2   | Found a runed translucent gate.
 14617 | Lair:2   | Noticed senf's ghost (journeyman MfGl)
 14731 | Lair:2   | Found a staircase to the Swamp.
 14731 | Lair:2   | Noticed an eleionoma
 14738 | Lair:2   | Killed an eleionoma
 15168 | Lair:2   | Killed senf's ghost
 15250 | Lair:3   | Found a runed translucent gate.
 15251 | Lair:3   | Found a runed translucent gate.
 15252 | Lair:3   | Found a runed translucent gate.
 15253 | Lair:3   | Noticed zenocrate's ghost (journeyman FeEE)
 16115 | Lair:4   | Received a gift from Okawaru
 16249 | Lair:4   | Reached skill level 12 in Long Blades
 16529 | Lair:4   | Gained mutation: A frigid envelope surrounds you and
                  | freezes all who hurt you. [potion of mutation]
 16529 | Lair:4   | Gained mutation: Your body sometimes deteriorates upon
                  | taking damage. [potion of mutation]
 16529 | Lair:4   | Gained mutation: You are resistant to electric shocks.
                  | (rElec) [potion of mutation]
 16529 | Lair:4   | Gained mutation: You are robust. (+10% HP) [potion of
                  | mutation]
 16909 | Lair:5   | Entered Level 5 of the Lair of Beasts
 17054 | Lair:5   | Identified the +4 pair of gloves of Zemp {rElec rPois}
 17111 | Lair:5   | Found a staircase to the Slime Pits.
 17126 | Lair:5   | Reached XP level 14. HP: 121/122 MP: 18/18
 17126 | Lair:5   | Acquired a dynamic gyroscope {RevMP, rC+ Slay+3}
 17252 | Lair:5   | Received a gift from Okawaru
 17267 | Lair:5   | Noticed Sonja
 17268 | Lair:5   | Sonja changed into Sonja the dart slug
 17268 | Lair:5   | Noticed Sonja
 17273 | Lair:5   | Killed Sonja the dart slug
 18012 | Lair:5   | Received a gift from Okawaru
 18198 | Lair:3   | eh
 18423 | Orc:1    | Entered Level 1 of the Orcish Mines
 18425 | Orc:1    | Noticed an orc warlord
 18446 | D:9      | Reached skill level 11 in Fighting
 18486 | Orc:1    | hm
 18508 | D:9      | Killed an orc warlord
 18613 | Orc:1    | Received a gift from Okawaru
 18912 | Orc:1    | Found Ymeph's Book Emporium.
 18924 | Orc:2    | Entered Level 2 of the Orcish Mines
 18966 | Orc:2    | Found a frozen archway.
 18977 | IceCv    | Entered an ice cave
 19284 | IceCv    | Noticed a reaper
 19296 | IceCv    | Killed a reaper
 19298 | IceCv    | Got the Grimoire of Refrigeration
 19418 | Orc:2    | Found Soew's General Store.
 19430 | Orc:2    | Reached skill level 12 in Fighting
 19515 | Orc:2    | Received a gift from Okawaru
 19874 | Orc:2    | Reached XP level 15. HP: 128/132 MP: 20/20
 20032 | Orc:2    | Found a staircase to the Elven Halls.
 20094 | Orc:2    | Found Tebraose's Antique Armour Shoppe.
 20094 | Orc:2    | Found Nued's Armour Emporium.
 20095 | Orc:2    | Found Hoagai's Magic Scroll Emporium.
 20099 | Orc:2    | Found Ysitercheg's Magic Scroll Shoppe.
 20120 | Orc:2    | Bought a scroll of blinking for 90 gold pieces
 20120 | Orc:2    | Bought a scroll of fear for 48 gold pieces
 20121 | Orc:2    | Bought a scroll of teleportation for 30 gold pieces
 20122 | Orc:2    | Bought a distressingly furry cloak for 199 gold pieces
 20122 | Orc:2    | Identified the +0 cloak "Susuhob" {Harm rF+ Stlth+} (You
                  | bought it in a shop on level 2 of the Orcish Mines)
 20123 | Orc:2    | Bought a glowing helmet for 157 gold pieces
 20134 | Orc:2    | hm
 21176 | D:14     | Received a gift from Okawaru
 21186 | D:14     | Found Varghebamp's Weapon Shop.
 21269 | D:14     | Found an iron altar of Okawaru.
 21610 | D:14     | Found a gate to the Vaults.
 21821 | D:15     | Entered Level 15 of the Dungeon
 21923 | D:15     | Acquired a +4 double sword of electrocution
 21926 | D:15     | Noticed Agnes
 21937 | D:15     | Killed Agnes
 21937 | D:15     | Received a gift from Okawaru
 22104 | D:15     | Reached skill level 13 in Fighting
 22120 | D:15     | Reached skill level 12 in Dodging
 22226 | D:15     | Noticed Louise
 22243 | D:15     | Killed Louise
 22430 | D:15     | Found a staircase to the Depths.
 22717 | Snake:1  | Entered Level 1 of the Snake Pit
 22854 | Snake:1  | Received a gift from Okawaru
 22973 | Snake:1  | Reached skill level 9 in Invocations
 23099 | Snake:1  | Found a runed translucent gate.
 23100 | Snake:1  | Found a runed translucent gate.
 23101 | Snake:1  | Found an opulent altar of Gozag.
 23101 | Snake:1  | Found a runed translucent gate.
 23106 | Snake:1  | Noticed Magam's ghost (adept OnHW)
 23107 | Snake:1  | Found Kydoucwof's Assorted Antiques.
 23108 | Snake:1  | Found Engoss's Assorted Antiques.
 23288 | Snake:1  | Noticed Donald
 23301 | Snake:1  | Killed Donald
 23320 | Snake:1  | Reached XP level 16. HP: 144/144 MP: 23/23
 23401 | Snake:1  | Received a gift from Okawaru
 23990 | Snake:1  | Killed Magam's ghost
 24063 | Snake:1  | Bought a scroll of teleportation for 60 gold pieces
 24064 | Snake:1  | Bought a potion of heal wounds for 175 gold pieces
 24305 | Snake:2  | Received a gift from Okawaru
 24313 | Snake:2  | Reached skill level 14 in Fighting
 24590 | Snake:2  | Received a gift from Okawaru
 24673 | Snake:2  | Noticed a nagaraja
 24948 | Snake:2  | Killed a nagaraja
 25523 | Snake:2  | Reached skill level 15 in Fighting
 25780 | Snake:2  | Noticed Nikola
 25796 | Snake:2  | Killed Nikola
 26236 | Snake:3  | Reached XP level 17. HP: 156/156 MP: 24/24
 26249 | Snake:3  | Received a gift from Okawaru
 26878 | Snake:3  | Received a gift from Okawaru
 27132 | Snake:3  | Reached skill level 16 in Fighting
 27214 | Snake:3  | Identified the +5 mace "Higikuih" {pain, +Blink Str+2
                  | Stlth+}
 27542 | Snake:3  | Received a gift from Okawaru
 27743 | Snake:4  | Entered Level 4 of the Snake Pit
 27860 | Snake:4  | Found Olesop's Antique Armour Boutique.
 27860 | Snake:4  | Found Wuhow's Antique Weapon Shop.
 27861 | Snake:4  | Found Adoiseto's Armour Boutique.
 27868 | Snake:4  | Found Ticvoun's General Store.
 27882 | Snake:4  | Bought the +5 robe of Night {Dark Will+ SInv} for 1140 gold
                  | pieces
 27882 | Snake:4  | Found the +5 robe of Night {Dark Will+ SInv}
 27962 | Snake:4  | Reached skill level 15 in Dodging
 28394 | Snake:4  | Received a gift from Okawaru
 28548 | Snake:4  | Reached XP level 18. HP: 126/168 MP: 22/25
 28552 | Snake:4  | Reached skill level 17 in Fighting
 28681 | Snake:4  | Received a gift from Okawaru
 29044 | Snake:4  | Got a serpentine rune of Zot
 29142 | Snake:4  | Bought a +2 pair of boots of flying for 344 gold pieces
 29308 | Swamp:1  | Entered Level 1 of the Swamp
 29854 | Swamp:1  | Received a gift from Okawaru
 30291 | Swamp:2  | Identified the +1 leather armour "Fismelor" {Stlth+}
 30742 | Swamp:3  | Reached skill level 18 in Fighting
 30877 | Swamp:3  | Learned a level 4 spell: Manifold Assault
 30902 | Swamp:3  | Reached skill level 1 in Translocations
 31032 | Swamp:3  | Reached skill level 3 in Translocations
 31378 | Swamp:4  | Entered Level 4 of the Swamp
 31474 | Swamp:4  | Reached skill level 6 in Translocations
 31523 | Swamp:4  | Received a gift from Okawaru
 31546 | Swamp:4  | Reached XP level 19. HP: 173/179 MP: 20/26
 31570 | Swamp:4  | Got a decaying rune of Zot
 31766 | Swamp:4  | Reached skill level 9 in Translocations
 32111 | Lair:3   | Killed zenocrate's ghost
 32320 | Elf:1    | Entered Level 1 of the Elven Halls
 32346 | Elf:1    | Received a gift from Okawaru
 32429 | Elf:1    | Identified the +0 quarterstaff "Nameu" {distort, rCorr
                  | Dex+3}
 32505 | Elf:1    | Got the Volume of Bolts
 32759 | Elf:1    | Found Jinoepumn's Distillery.
 32764 | Elf:1    | Bought a potion of heal wounds for 65 gold pieces
 32764 | Elf:1    | Bought a potion of experience for 650 gold pieces
 32764 | Elf:1    | Bought a potion of might for 52 gold pieces
 32764 | Elf:1    | Reached XP level 20. HP: 189/189 MP: 27/27
 32825 | Elf:1    | Noticed Azrael
 32833 | Elf:1    | Killed Azrael
 32834 | Elf:1    | Reached skill level 3 in Spellcasting
 32838 | Elf:1    | Received a gift from Okawaru
 33070 | Elf:1    | Identified the serpent talisman of Absence {rElec}
 33070 | Elf:1    | Noticed Aizul
 33080 | Elf:1    | Killed Aizul
 33401 | Elf:2    | Received a gift from Okawaru
 33486 | Elf:2    | Found a runed translucent gate.
 33486 | Elf:2    | Found a runed translucent gate.
 33547 | Elf:2    | Found a runed translucent gate.
 33657 | Elf:2    | Found Wagalam's General Store.
 33667 | Elf:2    | Found Kaokkeepte's Overcharged Wands.
 33683 | Elf:2    | Reached skill level 19 in Fighting
 34081 | Elf:2    | Reached XP level 21. HP: 198/198 MP: 23/28
 34438 | Elf:3    | Entered Level 3 of the Elven Halls
 34443 | Elf:3    | Identified the +2 robe of Qeatib {-Tele rElec rN+ SInv}
 34443 | Elf:3    | Noticed Boris
 34446 | Elf:3    | Received a gift from Okawaru
 34486 | Elf:3    | Killed Boris
 34565 | Elf:3    | Found Silyucho's Book Emporium.
 34771 | Elf:3    | Got the Catalogue of the Radiant Geodesic
 34826 | Elf:3    | Learned a level 2 spell: Blink
 34828 | Elf:3    | Learned a level 1 spell: Apportation
 34833 | Elf:3    | Learned a level 4 spell: Passage of Golubria
 34854 | Elf:3    | Identified the amulet of Huopremp {Regen+ Str-2 Int+8 SInv}
 35229 | Elf:3    | Reached skill level 15 in Long Blades
 35326 | Elf:3    | Paralysed by an air elemental for 1 turns
 35578 | Elf:3    | Identified the +2 halberd "String" {freeze, rCorr Str+3
                  | Int+3}
 35747 | Elf:3    | Received a gift from Okawaru
 35929 | Elf:3    | Identified the +2 long sword of Das Ydafyd {speed, rN+
                  | rCorr Str+3}
 35943 | Elf:3    | Got Izxuzucs's Octavo of the Grave Lithosphere
 36203 | Elf:3    | Identified the +9 falchion of the Coin {holy, ^Contam
                  | *Noise rPois Str+4 Dex+2}
 36299 | Elf:3    | Reached skill level 18 in Dodging
 36301 | Elf:3    | Identified the +4 trident "Nocs" {venom, Str+5 Int-3 Dex+4}
 36311 | Elf:3    | Identified the ring "Amyidaq" {rCorr Str+2}
 36416 | Elf:3    | Got the Vellum of Changing Causimancy
 36530 | Elf:3    | Learned a level 4 spell: Vhi's Electric Charge
 36829 | Vaults:1 | Entered Level 1 of the Vaults
 36868 | Vaults:1 | Reached skill level 1 in Air Magic
 36885 | Vaults:1 | Received a gift from Okawaru
 36967 | Vaults:1 | Found Taterim's Book Boutique.
 36986 | Vaults:1 | Reached skill level 3 in Air Magic
 37339 | Vaults:1 | Noticed Asterion
 37345 | Vaults:1 | Killed Asterion
 37393 | Vaults:1 | Received a gift from Okawaru
 37431 | Vaults:1 | Reached skill level 6 in Air Magic
 37752 | Vaults:1 | Reached XP level 22. HP: 200/206 MP: 11/29
 37856 | Vaults:1 | Noticed Norris
 37866 | Vaults:1 | Killed Norris
 38213 | Vaults:2 | Received a gift from Okawaru
 38252 | Vaults:2 | Reached skill level 9 in Air Magic
 38272 | Vaults:2 | Found a staircase to the Crypt.
 38351 | Vaults:2 | Found a white marble altar of Elyvilon.
 38689 | Vaults:2 | Got Wemoomua's Vellum of Chilblains
 38740 | Vaults:2 | Found Ysteteon's Book Boutique.
 38823 | Vaults:2 | Identified the +5 scale mail of Divine Compulsion {rPois}
 38872 | Vaults:2 | Noticed Mara
 38874 | Vaults:2 | Noticed elliptic's illusion
 39100 | Vaults:2 | Killed Mara
 39100 | Vaults:2 | Received a gift from Okawaru
 39265 | Vaults:2 | Reached skill level 12 in Translocations
 40565 | Vaults:3 | Received a gift from Okawaru
 40568 | Vaults:3 | Reached skill level 20 in Fighting
 40738 | Vaults:4 | Identified the +0 falchion of Inflation {antimagic, rElec}
 40970 | Vaults:4 | Reached XP level 23. HP: 212/217 MP: 24/30
 41083 | Vaults:4 | Reached skill level 21 in Fighting
 42004 | Crypt:1  | Entered Level 1 of the Crypt
 42059 | Crypt:1  | Received a gift from Okawaru
 43715 | Crypt:2  | Received a gift from Okawaru
 43955 | Crypt:3  | Entered Level 3 of the Crypt
 44038 | Crypt:3  | Identified the +3 robe "Plog" {Harm *Slow Str+3}
 44038 | Crypt:3  | Noticed Boris
 44047 | Crypt:3  | Killed Boris
 44304 | Crypt:3  | Reached skill level 22 in Fighting
 44554 | Crypt:3  | Found a staircase to the Tomb.
 45320 | Crypt:3  | Found an ancient bone altar of Kikubaaqudgha.
 45359 | Crypt:3  | Reached XP level 24. HP: 202/225 MP: 27/30
 45622 | Crypt:3  | Identified the ring of Saheck {Ice rElec rN+ Str+2 Dex+5}
 45622 | Crypt:3  | Noticed Josephina
 45631 | Crypt:3  | Killed Josephina
 45646 | Crypt:3  | Noticed a dread lich
 45661 | Crypt:3  | Killed a dread lich
 45661 | Crypt:3  | Received a gift from Okawaru
 45668 | Crypt:3  | Noticed a dread lich
 45677 | Crypt:3  | Killed a dread lich
 45689 | Crypt:3  | Got the Guidebook on the Catacomb
 45698 | Crypt:3  | Got the Elucidation of Fate
 45751 | Crypt:3  | Identified the +2 robe of Cowardice {rN++}
 45790 | Crypt:3  | Reached skill level 9 in Armour
 45918 | Crypt:3  | Identified the +8 flail of Gurixzure {freeze, rC- Int+6}
 46599 | Orc:2    | Bought a +1 cloak of poison resistance for 189 gold pieces
 46855 | Depths:1 | Entered Level 1 of the Depths
 46877 | Depths:1 | Identified the +4 robe of the Valley {rPois SInv}
 46877 | Depths:1 | Noticed Boris
 46887 | Depths:1 | Killed Boris
 47029 | Depths:1 | Found an ancient bone altar of Kikubaaqudgha.
 47238 | Depths:1 | Received a gift from Okawaru
 47272 | Depths:1 | Found a one-way gate to the infinite horrors of the Abyss.
 47370 | Depths:1 | Reached skill level 23 in Fighting
 47510 | Depths:1 | Found a gateway to Hell.
 47747 | Depths:2 | Found a one-way gateway to a ziggurat.
 47827 | Depths:2 | Found a hazy altar of Hepliaklqana.
 48044 | Depths:2 | Noticed a caustic shrike
 48053 | Depths:2 | Killed a caustic shrike
 48272 | Depths:2 | Received a gift from Okawaru
 48280 | Depths:2 | Identified the +2 robe of Hopscotch {rF+ rC- rN+++ Stlth-}
 48280 | Depths:2 | Noticed Boris
 48287 | Depths:2 | Killed Boris
 48348 | Depths:2 | Identified the +10 arbalest "Folegh" {flame, rN+ Int+6}
 48367 | Depths:2 | Got the Tome of Mighty Unholy Acts
 48411 | Depths:2 | Found a one-way gate leading to the halls of Pandemonium.
 48503 | Depths:2 | Reached skill level 21 in Dodging
 48804 | Depths:3 | Found a snail-covered altar of Cheibriados.
 49127 | Depths:3 | Reached XP level 25. HP: 211/245 MP: 30/30
 49511 | Depths:3 | Reached skill level 24 in Fighting
 49557 | Depths:3 | Received a gift from Okawaru
 49569 | Depths:3 | Noticed Mennas
 49581 | Depths:3 | Killed Mennas
 50087 | Depths:3 | Received a gift from Okawaru
 50577 | Depths:4 | Entered Level 4 of the Depths
 50578 | Depths:4 | Noticed a juggernaut
 50582 | Depths:4 | Reached skill level 25 in Fighting
 50592 | Depths:4 | Killed a juggernaut
 50629 | Depths:4 | Identified the +3 robe of Tortelloni {Dex+3}
 50629 | Depths:4 | Noticed Boris
 50634 | Depths:4 | Killed Boris
 50660 | Depths:4 | Found a gate to the Realm of Zot.
 51202 | Depths:4 | Reached skill level 26 in Fighting
 52174 | Vaults:5 | Entered Level 5 of the Vaults
 52175 | Vaults:5 | Found Litic's Antique Weapon Shop.
 52182 | Vaults:5 | oh wrong way
 52209 | Vaults:5 | Received a gift from Okawaru
 52398 | Vaults:5 | Reached XP level 26. HP: 219/264 MP: 25/30
 52482 | Vaults:5 | Received a gift from Okawaru
 52483 | Vaults:5 | Reached skill level 27 in Fighting
 52780 | Vaults:5 | Noticed an ancient lich
 52780 | Vaults:5 | Identified the +8 dagger "Qubleaq" {flame, ^Fragile rF+
                  | Str+3 SInv}
 52792 | Vaults:5 | Killed an ancient lich
 53028 | Vaults:5 | Noticed an ancient lich
 53032 | Vaults:5 | Killed an ancient lich
 53032 | Vaults:5 | Received a gift from Okawaru
 53033 | Vaults:5 | Reached skill level 12 in Invocations
 53454 | Vaults:5 | Got the Enchiridion on Collected Calcination
 53539 | Vaults:5 | Found Zulaex's Magic Scroll Boutique.
 53555 | Vaults:5 | Bought a scroll of teleportation for 36 gold pieces
 53555 | Vaults:5 | Bought a scroll of teleportation for 36 gold pieces
 53709 | Vaults:5 | Identified the +7 morningstar "Foqi" {antimagic, Int+2
                  | SInv}
 53791 | Vaults:5 | Got a silver rune of Zot
 53794 | Vaults:5 | Found Jazuwinu's Book Boutique.
 53797 | Vaults:5 | Found Qaigrous's Distillery.
 53801 | Vaults:5 | Found Zintywke's Distillery.
 53803 | Vaults:5 | Bought a potion of might for 52 gold pieces
 53803 | Vaults:5 | Bought a potion of haste for 130 gold pieces
 53803 | Vaults:5 | Bought a potion of haste for 130 gold pieces
 53807 | Vaults:5 | Bought a potion of heal wounds for 100 gold pieces
 53807 | Vaults:5 | Bought a potion of heal wounds for 100 gold pieces
 53807 | Vaults:5 | Bought a potion of heal wounds for 100 gold pieces
 54047 | Vaults:5 | Reached skill level 12 in Armour
 54455 | Depths:2 | eh
 54744 | Orc:2    | Bought shiny acid dragon scales for 903 gold pieces
 54746 | Orc:2    | Bought a scroll of fog for 40 gold pieces
 54746 | Orc:2    | Bought a scroll of enchant weapon for 75 gold pieces
 54776 | Orc:2    | Bought 2 potions of berserk rage for 150 gold pieces
 54900 | Elf:2    | Bought 2 potions of haste for 320 gold pieces
 54900 | Elf:2    | Bought a potion of curing for 48 gold pieces
 55248 | Snake:1  | Bought a potion of mutation for 280 gold pieces
 55370 | Snake:4  | Bought a potion of mutation for 152 gold pieces
 55811 | Vaults:5 | Bought a scroll of enchant weapon for 90 gold pieces
 55845 | Vaults:5 | Bought a potion of curing for 60 gold pieces
 55845 | Vaults:5 | Bought 2 potions of curing for 120 gold pieces
 55849 | Vaults:5 | Bought a potion of curing for 39 gold pieces
 55849 | Vaults:5 | Bought a potion of curing for 39 gold pieces
 55849 | Vaults:5 | Bought 2 potions of curing for 78 gold pieces
 55849 | Vaults:5 | Bought a potion of curing for 39 gold pieces
 56169 | Depths:2 | Noticed Vv
 56170 | Depths:2 | what
 56181 | Depths:2 | Killed Vv
 56245 | Zot:1    | Entered Level 1 of the Realm of Zot
 56249 | Zot:1    | Received a gift from Okawaru
 56817 | Zot:4    | Reached XP level 27. HP: 231/273 MP: 21/32
 56903 | Zot:5    | Entered Level 5 of the Realm of Zot
 57043 | Zot:5    | Received a gift from Okawaru
 57093 | Zot:5    | Reached skill level 18 in Long Blades
 57335 | Zot:5    | Noticed an electric golem
 57358 | Zot:5    | Killed an electric golem
 57405 | Zot:5    | Got a prismatic gem with 15 turns to spare
 57540 | Zot:5    | Noticed a dread lich
 57544 | Zot:5    | Killed a dread lich
 57554 | Zot:5    | Noticed an orb of fire
 57558 | Zot:5    | Noticed an orb of fire
 57561 | Zot:5    | Killed an orb of fire
 57562 | Zot:5    | Killed an orb of fire
 57580 | Zot:5    | Noticed an electric golem
 57580 | Zot:5    | Noticed an orb of fire
 57587 | Zot:5    | Killed an electric golem
 57592 | Zot:5    | Killed an orb of fire
 57605 | Zot:5    | Noticed an orb of fire
 57606 | Zot:5    | Gained mutation: You are somewhat resistant to further
                  | mutation. [an orb of fire]
 57612 | Zot:5    | Killed an orb of fire
 57817 | Zot:5    | Received a gift from Okawaru
 57982 | Zot:5    | Got the Orb of Zot
 58009 | Zot:5    | Noticed an orb of fire
 58009 | Zot:5    | Noticed an electric golem
 58469 | D:$      | Escaped with the Orb!

Levels and vault maps discovered:
D:1:      dpeg_arrival_simpleton_a, layout_basic,
          ebering_ecumenical_altar_sacrificial, minmay_pentomino_r2
D:2:      layout_rooms, kennysheep_generic_room_9, uniq_terence, uniq_natasha
D:3:      layout_loops_ring, portal_sewer_entry_d, serial_shops, shop
D:4:      layout_cave_pools, elyvilon_altar_1, temple_green,
          minmay_mini_ossuary, uniq_menkaure
D:5:      layout_loops_ring, amcnicky_altar_gilded, marbit_many_paths,
          nzn_wu_jian_contemplation
D:6:      layout_basic, nemelex_altar_shiori, chequers_serial_rivers_micro_a,
          nicolae_shop_fire_sale [nicolae_sub_dead_trees], uniq_jeremiah,
          uniq_blork_the_orc, uniq_maggie
D:7:      cheibrodos_fertilizer, layout_cave_pools, tso_metal_star,
          enter_bailey_4
D:8:      layout_rooms, erik_lair_island, serial_bayou_pond_a
D:9:      layout_irregular_city, david_orc_2
D:10:     layout_gridville, nicolae_gozag_seed_capital, vehumet_altar_wand_db,
          kennysheep_generic_room_11, uniq_snorg, uniq_erica
D:11:     layout_loops_ring
D:12:     layout_irregular_city
D:13:     layout_layer_cave
D:14:     layout_cave_pools, skrybe_vaults_entry_preservation,
          serial_column_ruins, column_ruins_columns_straight,
          column_ruins_open_tiny, column_ruins_open_tiny,
          column_ruins_columns_corner, column_ruins_open_small,
          column_ruins_open_tiny, column_ruins_columns_straight,
          hellmonk_okawaru_the_only_friend_you_need, serial_shops,
          nicolae_shop_bloodbath_and_beyond
D:15:     grunt_enter_depths_snipers, layout_basic, uniq_agnes, uniq_louise
Temple:   dpeg_chambers_temple
Lair:1:   layout_loops_ring, st_stairs_9
Lair:2:   layout_regular_city, alex1729_swamp_entry_worm_eleionoma,
          alex1729_snake_entry_snake, gammafunk_ghost_necromancy,
          dreamdust_mushroom_princess, minmay_stone_trees_small,
          serial_bayou_pond_d
Lair:3:   layout_cave_pods, gammafunk_ghost_hydra_chop
Lair:4:   layout_regular_city, infiniplex_staircase_pool
Lair:5:   grunt_lair_end_beastmaster, layout_cave_pods,
          minmay_slime_entry_pillars, uniq_sonja
Swamp:1:  layout_falls_marsh, nicolae_swamp_well_well_well, swamp_pool_4,
          nicolae_swamp_dense_foliage, nicolae_swamp_drake_lake
Swamp:2:  layout_basic_swamp, wheals_swamp_sinkhole
Swamp:3:  layout_basic_swamp, evilmike_swamp_ruin_house_5
Swamp:4:  swamp_alternative, layout_basic_swamp
Snake:1:  layout_layer_cave, ebering_ghost_gozag, nicolae_integral_box,
          uniq_donald
Snake:2:  layout_layer_cave, grunt_megastairs_5, serial_bayou_shore_b,
          uniq_nikola
Snake:3:  kennysheep_snake, layout_chambers, lemuel_fruit_tree
Snake:4:  snake_hunt, layout_onion, special_room, drop_trap, grunt_ministairs_3,
          minmay_shoptagon
Orc:1:    layout_caves, serial_shops, nicolae_shop_tiny_real_fake_doors,
          nicolae_orc_takin'_care_of_business
Orc:2:    st_orc_mages, layout_caves, serial_shops, shop, portal_ice_cave_rime
Elf:1:    nicolae_elf_arrival_fired_up, layout_loops_ring, serial_shops,
          nicolae_shop_pleasant_corner_grove, minmay_elf_annihilation,
          uniq_azrael, uniq_aizul
Elf:2:    elven_hall_of_blades_hangedman_original
          [nicolae_blade_entry_sentries_behind_glass], layout_loops_cross,
          serial_shops, shop_fountains, grunt_ministairs_9, st_stairs_5,
          nicolae_shop_overcharged_wands
Elf:3:    grunt_elf_hall_diamonds, layout_geoelf_castle, serial_shops, shop,
          uniq_boris
Vaults:1: nicolae_vaults_lightning_bolt, ontoclasm_vaults_eye,
          nicolae_vaults_storage_room_doors, nicolae_vaults_trapezoid_3,
          nicolae_vaults_storage_closets_2, nicolae_vaults_trapezoid_1,
          layout_vaults_omnicross, serial_shops, shop_statue, uniq_asterion,
          uniq_norris
Vaults:2: nicolae_vaults_trapezoid_1, nicolae_vaults_little_squares_2,
          v_misc_17, lemuel_angel_altar, minmay_crypt_entry_simple_statues,
          vaults_dpeg_cross, nicolae_vaults_trapezoid_3,
          ontoclasm_vaults_shuriken, v_misc_33, nicolae_vaults_bisected_slash,
          nicolae_vaults_trapezoid_1, hangedman_vaults_nodes,
          grunt_vaults_diagonal, v_misc_16, nicolae_vaults_library_corner,
          layout_vaults_maze_snakey, serial_shops, nicolae_shop_window_shopping,
          uniq_mara
Vaults:3: ontoclasm_vaults_echo, nicolae_vaults_wine_cellar,
          nicolae_vaults_trapezoid_lopsided_3, layout_vaults_omnigrid
Vaults:4: hangedman_vaults_unwind, nicolae_vaults_closet_pinwheel_5,
          grunt_vaults_twisty, nicolae_vaults_storage_closets_3,
          nicolae_vaults_six-pack, nicolae_vaults_security_offices_4, v_misc_23,
          nicolae_vaults_little_squares_6, v_rooms_5,
          serial_library_regret_index_small_wings, vaults_room_ringed_pool,
          nicolae_vaults_little_squares_3, layout_vaults_ring
Vaults:5
Crypt:1:  layout_chaotic_city
Crypt:2:  layout_catacombs
Crypt:3:  evilmike_haunted_forest, uniq_josephina
Depths:1: layout_gridville, moated_statue, hell_entry, abyss_entry,
          grunt_ministairs_6, minmay_misc_feat_tiny,
          nicolae_kikubaaqudgha_miasma_corner
Depths:2: minmay_the_grid_octo_tiled_octocenter [minmay_the_grid_octo_empty,
          minmay_the_grid_octo_thin_diamonds,
          minmay_the_grid_octo_tetromino_candy, minmay_the_grid_octo_toaster,
          minmay_the_grid_octo_prize_big_c,
          minmay_the_grid_square_5x5_checkered_statues,
          minmay_the_grid_square_5x5_three, minmay_the_grid_square_5x5_v,
          minmay_the_grid_square_5x5_gyroscope], layout_gridville,
          enter_ziggurat_e, hell_entry, nzn_hepliaklqana_mist_gate,
          nicolae_abyss_entry_one_way_or_another, grunt_pan_entry_spiral,
          uniq_vv
Depths:3: minmay_quarter_circles, layout_cave_shapes,
          hangedman_abyss_entry_splay, pf_dread_powers_of_hell,
          cheibriados_altar_1, infiniplex_staircase_pillars_1, uniq_mennas,
          uniq_margery
Depths:4: grunt_zot_entry_bicorn, layout_gridlike,
          nicolae_twisty_statue_hallways, hell_entry,
          infiniplex_staircase_pool_lava
Zot:1:    layout_misc_corridors, regret_index_zotdec_dark_gr,
          grunt_ministairs_1, hangedman_zot_diagonal_lockstep
Zot:2:    layout_gridlike, regret_index_zotdec_decaying_vile, grunt_ministairs_1
Zot:3:    layout_gridlike
Zot:4:    kennysheep_bubbly, layout_gridlike, regret_index_zotdec_iron_s
Zot:5:    layout_cathedral_of_symmetry

Action                     |  1- 3 |  4- 6 |  7- 9 | 10-12 | 13-15 | 16-18 | 19-21 | 22-24 | 25-27 || total
---------------------------+-------+-------+-------+-------+-------+-------+-------+-------+-------++-------
  Melee: Whip              |     2 |       |       |       |       |       |       |       |       ||     2
         Trident           |     7 |       |       |       |       |       |       |       |       ||     7
         Long sword        |    14 |   144 |   280 |   190 |       |       |       |       |       ||   628
         Dagger            |     6 |   129 |   102 |       |       |       |       |       |       ||   237
         Short sword       |       |       |   132 |       |       |       |       |       |       ||   132
         Demon blade       |       |       |    36 |   481 |  1232 |  1512 |  1217 |  2359 |   889 ||  7726
         Scimitar          |       |       |       |   125 |       |       |       |       |       ||   125
         Double sword      |       |       |       |       |       |       |       |   220 |   908 ||  1128
         Eudemon blade     |       |       |       |       |       |       |       |       |    13 ||    13
  Throw: Dart              |       |       |    10 |    20 |     3 |     2 |       |       |     1 ||    36
   Cast: Necrotise         |    41 |    18 |    41 |     1 |       |     1 |       |       |       ||   102
         Kiss of Death     |       |     2 |       |       |       |       |       |       |       ||     2
         Vampiric Draining |       |     5 |    10 |       |       |       |       |       |       ||    15
         Manifold Assault  |       |       |       |       |       |       |   134 |    48 |    63 ||   245
         Vhi's Electric Ch |       |       |       |       |       |       |       |   138 |   105 ||   243
 Invoke: Heroism           |       |       |       |     4 |     7 |     7 |       |     1 |     3 ||    22
         Receive Weapon    |       |       |       |     1 |       |       |       |       |       ||     1
         Receive Armour    |       |       |       |     1 |       |       |       |       |       ||     1
         Finesse           |       |       |       |       |     5 |    12 |     6 |    15 |    12 ||    50
Ability: Invent Gizmo      |       |       |       |       |     1 |       |       |       |       ||     1
  Evoke: Wand              |       |       |       |     5 |     6 |    22 |       |     3 |       ||    36
         Lightning rod     |       |       |       |       |     7 |     4 |       |       |       ||    11
    Use: Scroll            |     1 |    13 |    12 |     7 |     3 |     6 |     2 |     7 |    17 ||    68
         Potion            |       |       |       |       |     1 |     2 |     1 |     1 |     9 ||    14
   Stab: Sleeping          |       |     4 |     1 |     8 |     9 |    15 |     6 |     6 |     2 ||    51
         Distracted        |       |     1 |     1 |       |     1 |     5 |     3 |     4 |       ||    15
         Invisible         |       |       |       |     2 |       |       |       |       |       ||     2
         Confused          |       |       |       |       |     2 |       |       |       |       ||     2
 Armour: Robe              |     9 |    34 |       |       |       |   187 |   153 |   273 |   210 ||   866
         Leather armour    |       |    44 |   164 |     1 |       |       |       |       |       ||   209
         Steam dragon scal |       |       |       |   173 |   241 |   164 |       |       |       ||   578
         Troll leather arm |       |       |       |    38 |       |       |       |       |       ||    38
  Dodge: Dodged            |     8 |    75 |   142 |   314 |   454 |   624 |   361 |  1039 |   638 ||  3655
         Repelled          |       |     2 |     3 |     8 |       |       |       |       |       ||    13
